Map: Site Delta LE

Players

Obth

  • Race: Terran Terran
  • League: Platinum
  • Spawn Location: 11:00

Subwayeatn - Winner!

  • Race: Zerg Zerg
  • League: Platinum
  • Spawn Location: 5:00

VOD

Have the link to the VOD?

Description

Time

  • Played on: Nov. 10, 2023, 7:03 p.m.
  • Length: 7:39
Show
View Real Time Build Order
Export as new Build Order

Obth Terran 

Build Orders: Command Center First 

Get SALT Encoding   

  12  0:01  SCV  
  13  0:13  SCV  
  14  0:24  Supply Depot  
  14  0:25  SCV  
  15  0:46  SCV  
  16  1:05  Command Center  
  16  1:08  SCV  
  17  1:20  SCV  
  19  1:32  SCV  
  19  1:37  Refinery  
  19  1:39  Refinery  
  19  1:45  SCV  
  20  1:54  Barracks x2  
  20  1:57  SCV  
  21  2:02  Supply Depot  
  21  2:09  SCV  
  22  2:16  Barracks  
  22  2:19  SCV  
  24  2:37  SCV  
  24  2:40  SCV  
  26  2:51  SCV  
  26  2:52  SCV  
  26  2:57  Factory  
  27  3:03  Refinery  
  27  3:04  SCV  
  28  3:06  Refinery  
  28  3:12  Marine  
  29  3:16  Orbital Command, SCV  
  30  3:21  Marine  
  30  3:23  Marine  
  32  3:32  SCV  
  33  3:41  Factory Tech Lab  
  33  3:44  SCV  
  34  3:56  SCV  
  34  4:02  Siege Tank  
  38  4:11  Starport x3  
  38  4:25  SCV  
  39  4:31  Orbital Command  
  39  4:37  SCV  
  40  4:49  SCV  
  40  4:51  Starport Tech Lab x3  
  40  4:52  Hyperflight Rotors  
  41  4:57  SCV  
  42  5:01  SCV  
  42  5:05  Supply Depot  
  42  5:06  Supply Depot  
  43  5:10  SCV  
  43  5:13  SCV  
  43  5:14  Cloaking Field  
  45  5:16  Banshee  
  45  5:17  Banshee  
  51  5:22  SCV  
  51  5:26  Banshee  
  55  5:32  Supply Depot  
  55  5:49  SCV  
  56  5:55  Supply Depot  
  56  5:58  Banshee  
  56  5:59  Banshee  
  62  6:04  Engineering Bay  
  62  6:09  Banshee  
  62  6:10  Fusion Core  
  65  6:11  Siege Tank  
  68  6:19  Supply Depot  
  68  6:42  Supply Depot  
  68  6:45  Armory  
  68  6:47  Armory  
Show
View Real Time Build Order
Export as new Build Order

Subwayeatn Zerg - Winner!

Build Orders: Hatch First 

Get SALT Encoding   

  12  0:00  Drone  
  13  0:12  Overlord  
  13  0:16  Drone  
  14  0:30  Drone x2  
  16  0:49  Hatchery  
  15  0:54  Drone  
  15  0:56  Drone  
  17  0:59  Drone  
  18  1:05  Extractor  
  17  1:16  Spawning Pool  
  17  1:18  Drone  
  17  1:22  Drone  
  18  1:27  Drone  
  19  1:38  Drone  
  20  1:58  Overlord  
  20  2:03  Queen  
  20  2:04  Queen  
  20  2:06  Zergling x4  
  26  2:11  Drone  
  26  2:13  Drone  
  28  2:17  Metabolic Boost  
  28  2:22  Drone  
  29  2:25  Drone  
  30  2:32  Drone  
  30  2:35  Drone  
  32  2:47  Queen  
  32  2:48  Queen  
  36  2:56  Extractor  
  35  2:59  Extractor  
  35  3:02  Drone x2  
  35  3:04  Overlord  
  36  3:08  Overlord  
  36  3:28  Queen  
  36  3:29  Drone  
  36  3:30  Drone x7  
  46  3:41  Drone  
  47  3:42  Extractor  
  47  3:43  Drone  
  47  3:53  Overlord  
  47  3:57  Overlord  
  48  4:17  Drone  
  48  4:18  Lair  
  48  4:22  Baneling Nest  
  48  4:24  Drone x3  
  48  4:29  Drone x3  
  53  4:39  Drone  
  53  4:40  Drone x6  
  53  4:44  Hatchery  
  59  4:45  Evolution Chamber  
  59  4:48  Evolution Chamber  
  57  4:57  Overlord  
  57  5:06  Spore Crawler  
  56  5:09  Queen  
  58  5:14  Spore Crawler  
  57  5:23  Overlord  
  57  5:25  Pneumatized Carapace  
  57  5:31  Drone x2  
  57  5:32  Centrifugal Hooks  
  59  5:37  Drone x6  
  59  5:38  Drone x2  
  59  5:39  Spire  
  59  5:40  Zerg Melee Weapons Level 1  
  66  5:43  Zerg Ground Armor Level 1  
  66  5:52  Zergling x8  
  70  5:59  Queen  
  72  6:19  Queen  
  72  6:23  Spore Crawler  
  72  6:24  Drone x2  
  72  6:25  Zergling x2  
  76  6:26  Zergling x12  
  82  6:34  Overlord x2, Extractor  
  81  6:43  Zergling x2  
  81  6:46  Baneling x6  
  81  6:47  Baneling x10  
  82  6:52  Mutalisk x2  
  82  6:53  Mutalisk x4  
  94  6:56  Overseer  
  94  7:06  Mutalisk x2  
Tags
 
Add a new tag
Caveats
  • Supply blocks, unpowered buildings, or Contaminate may cause inaccurate times.
  • Supply counts are checked every 10 seconds.